 Dungeon Crawl Stone Soup version 0.28-a0-1613-gdaab1c2f9b (webtiles) character file.

Game seed: 14435811825782033920

359 croobank the Firebug (level 6, -2/67 HPs)
             Began as a Human Fire Elementalist on Jan 22, 2022.
             Was an Initiate of Yredelemnul.
             Slain by Pikel (17 damage)
             ... on level 4 of the Dungeon.
             The game lasted 00:25:03 (3963 turns).

croobank the Firebug (Human Fire Elementalist)      Turns: 3963, Time: 00:25:04

Health: -2/67      AC: 23    Str:  9    XL:     6   Next: 98%
Magic:  1/10       EV:  2    Int: 15    God:    Yredelemnul [......]
Gold:   266        SH:  0    Dex: 15    Spells: 1/11 levels left

rFire   . . .      SeeInvis +   e - +2 short sword (speed)
rCold   . . .      Faith    .   (no shield)
rNeg    . . .      Spirit   .   (armour currently unavailable)
rPois   +          Reflect  .   (helmet currently unavailable)
rElec   .          Harm     .   (cloak currently unavailable)
rCorr   .          Rampage  .   (gloves currently unavailable)
Will    .....      Rage     1%  (boots currently unavailable)
Stlth   ++........ NoTele   +   d - amulet of regeneration
HPRegen 1.01/turn               i - ring of see invisible
MPRegen 0.12/turn               (no ring)

@: tree-form
A: stationary, stasis, torment immunity, boosted hp, (horns 1), agile 1, berserk
1, robust 1, weak 1, evolution 1
a: Renounce Religion, Recall Undead Harvest


You were on level 4 of the Dungeon.
You worshipped Yredelemnul.
Yredelemnul was noncommittal.
You were a tree.
You visited 1 branch of the dungeon, and saw 5 of its levels.

You collected 306 gold pieces.
You spent 40 gold pieces at shops.

Inventory:

Hand Weapons
 e - a +2 short sword of speed (weapon)
 o - a +0 quarterstaff of speed
 r - a +0 hunting sling
Missiles
 b - 5 poisoned darts (quivered)
 j - 78 arrows
 m - 24 sling bullets
 s - 116 stones
Armour
 a - a +0 robe (melded)
 c - a +3 leather armour of cold resistance
 l - a +1 pair of gloves (melded)
Magical Staves
 h - a staff of poison
Jewellery
 d - an amulet of regeneration (around neck)
 i - a ring of see invisible (left branch)
 p - an amulet of reflection
Scrolls
 f - 2 scrolls of immolation
 q - a scroll of identify
Potions
 g - a potion of attraction
 n - a potion of curing
 t - a potion of ambrosia


   Skills:
 + Level 3.4 Dodging
 + Level 3.6 Stealth
 + Level 3.3 Spellcasting
 + Level 3.0 Conjurations
 + Level 4.1 Fire Magic


You had one spell level left.
You knew the following spells:

 Your Spells              Type           Power      Damage    Failure   Level
a - Foxfire               Conj/Fire      52%        2x1d6     4%          1
b - Scorch                Fire           30%        2d6       5%          2
c - Beastly Appendage     Tmut           4%         N/A       21%         1
d - Flame Wave            Conj/Fire      13%        2d6       41%         4
e - Wereblood             Tmut           2%         N/A       30%         2

Your spell library contained the following spells:

 Spells                   Type           Power      Damage    Failure   Level
 Conjure Flame            Conj/Fire      13%        6-21      13%         3
 Inner Flame              Hex/Fire       8%         N/A       26%         3
 Frozen Ramparts          Ice            4%         1d2       52%         3
 Spider Form              Tmut/Pois      2%         N/A       52%         3
 Ice Form                 Ice/Tmut       2%         N/A       89%         4
 Summon Ice Beast         Ice/Summ       2%         N/A       89%         4


Dungeon Overview and Level Annotations

Branches:
Dungeon (5/15)
 Temple: D:4-7

Altars:
Sif Muna
Yredelemnul

Shops:
D:1 :[!   D:2 =   D:4 *

Annotations:
D:2 Sigmund
D:4 Pikel
D:5 1 runed translucent door, croobank's ghost, amateur OpSu


Innate Abilities, Weirdness & Mutations

You are a tree.
Your roots penetrate the ground, keeping you stationary.
You cannot be teleported.
You are immune to unholy pain and torment.
Your maximum health is greatly increased.
Your equipment is partially melded.
((You have a pair of small horns on your head.))
You are agile. (Dex +2)
You tend to lose your temper in combat.
You are robust. (+10% HP)
You are weak. (Str -2)
You have hidden genetic potential.


Message History

Casting: Scorch (safe; 5% risk of failure)
Confirm with . or Enter, or press ? or * to list all spells.
You don't have enough magic to cast this spell.
Okay, then.
Okay, then.
Really quaff the potion of lignification?
You turn into a tree.
Your +1 pair of gloves melds into your body.
Your +0 robe melds into your body.
Your roots penetrate the ground.
Pikel hits you but does no damage. The lemure hits you but does no damage.
Unknown command.
Casting: Scorch (safe; 5% risk of failure)
Confirm with . or Enter, or press ? or * to list all spells.
Okay, then.
You barely miss Pikel.
Pikel is lightly wounded.
You hit Pikel but do no damage.
Pikel is lightly wounded.
The lemure is no longer more vulnerable to fire.
Pikel hits you but does no damage. The lemure hits you but does no damage.
A lemure comes into view.
You completely miss Pikel.
Pikel is lightly wounded.
Pikel is no longer more vulnerable to fire.
Pikel hits you but does no damage. The lemure hits you but does no damage.
You hit Pikel but do no damage.
Pikel is lightly wounded.
Pikel hits you but does no damage.
You are electrocuted!
* * * LOW HITPOINT WARNING * * *
The lemure barely misses you.
You feel better.
The lemure is no longer more vulnerable to fire.
Pikel hits you but does no damage.
You are electrocuted!!
* * * LOW HITPOINT WARNING * * *
The lemure hits you but does no damage.
You feel better. The lemure hits you.
* * * LOW HITPOINT WARNING * * *
Pikel hits you but does no damage.
You are electrocuted!
You die...
Your body rises from the dead as a mindless zombie.

# #....# # #....# ######### #
#....# #.......# ###....######
#.#####.# #.'....'.[..# #.#
#.# ..#....####.# #.# #.#
#.#....# #.# #.# #.#
#.#....####.##########.#####.#
...............K♣555........>#
#..########.##.###5..#.#######
#..## #.##.# #..##.# #...#
#.##K# #.....# #.#.####
#.##.###'##### #.#....#
#.##.........#
#.#....####.##.........#
#.#....................#
#.##...#..#######......#


You could see Pikel and 4 lemures.

Vanquished Creatures
  Eustachio (D:4)
  An iguana (D:4)
  Natasha (twice) (D:2)
  An orc wizard (D:3)
  3 adders
  3 adder skeletons (D:4)
  2 worms
  3 dart slugs (D:1)
  9 orcs
  7 bats
  8 endoplasms
  3 giant cockroaches
  3 goblins (D:3)
  5 hobgoblins
  5 quokkas
  7 ball pythons
  3 frilled lizards
  4 kobolds
  3 rats
73 creatures vanquished.

Vanquished Creatures (others)
  An iguana zombie (D:4)
  A giant cockroach zombie (D:4)
  A spectral endoplasm (D:4)
  19 foxfires
22 creatures vanquished.

Grand Total: 95 creatures vanquished

Notes
Turn   | Place    | Note
-------+----------+-------------------------------------------
     0 | D:1      | croobank the Human Fire Elementalist began the quest for
                  | the Orb.
     0 | D:1      | Reached XP level 1. HP: 13/13 MP: 3/3
    88 | D:1      | Reached XP level 2. HP: 2/19 MP: 0/5
   371 | D:1      | Learned a level 2 spell: Scorch
   540 | D:1      | Found Xiasarr's Book Emporium.
   562 | D:1      | Learned a level 1 spell: Beastly Appendage
   624 | D:1      | Found Etiwez's Armour Emporium.
   760 | D:1      | Reached XP level 3. HP: 22/24 MP: 0/6
   921 | D:1      | Found Kefyixonn's Distillery.
  1062 | D:1      | Found a faded altar of an unknown god.
  1187 | D:2      | Noticed Natasha
  1191 | D:2      | Killed Natasha
  1192 | D:2      | Reached XP level 4. HP: 30/30 MP: 0/7
  1240 | D:2      | Noticed Natasha
  1248 | D:2      | Killed Natasha
  1359 | D:2      | Found Oxovi's Jewellery Shop.
  1619 | D:2      | Reached XP level 5. HP: 35/35 MP: 2/8
  1912 | D:2      | Noticed Sigmund
  1915 | D:2      | Gained mutation: Your system is resistant to poisons.
                  | (rPois) [potion of mutation]
  1915 | D:2      | Gained mutation: You have hidden genetic defects. [potion
                  | of mutation]
  2120 | D:3      | Gained mutation: You tend to lose your temper in combat.
                  | [hidden defects]
  2205 | D:3      | Lost mutation: You have hidden genetic defects. [potion of
                  | mutation]
  2205 | D:3      | Lost mutation: Your system is resistant to poisons. (rPois)
                  | [potion of mutation]
  2205 | D:3      | Gained mutation: You are robust. (+10% HP) [potion of
                  | mutation]
  2205 | D:3      | Gained mutation: You are agile. (Dex +2) [potion of
                  | mutation]
  2205 | D:3      | Gained mutation: You are weak. (Str -2) [potion of
                  | mutation]
  2205 | D:3      | Gained mutation: You have hidden genetic potential. [potion
                  | of mutation]
  2332 | D:3      | Learned a level 4 spell: Flame Wave
  2704 | D:3      | Found a basalt altar of Yredelemnul.
  2712 | D:3      | Became a worshipper of Yredelemnul the Dark
  3119 | D:4      | Found a shimmering blue altar of Sif Muna.
  3315 | D:4      | Reached XP level 6. HP: 45/45 MP: 3/10
  3568 | D:4      | Reached * piety under Yredelemnul
  3618 | D:4      | Noticed Eustachio
  3701 | D:4      | Found Sibopn's Assorted Antiques.
  3726 | D:4      | Killed Eustachio
  3727 | D:4      | Reached skill level 4 in Fire Magic
  3734 | D:4      | Bought a scroll of identify for 40 gold pieces
  3736 | D:4      | Gained mutation: You have a pair of small horns on your
                  | head. [hidden potential]
  3810 | D:5      | Entered Level 5 of the Dungeon
  3827 | D:5      | Found a runed translucent door.
  3829 | D:5      | Noticed croobank's ghost (amateur OpSu)
  3836 | D:5      | Learned a level 2 spell: Wereblood
  3888 | D:5      | Noticed an ogre
  3947 | D:4      | Noticed Pikel
  3963 | D:4      | Slain by Pikel

Illustrated notes

Levels and vault maps discovered:
D:1:      heliophobic_arrival_battle_scene, layout_basic,
          shapermc_ecumenical_altar_ellora, serial_shops, shop,
          nicolae_shop_behind_doors, shop, minmay_pentomino_o4
D:2:      layout_basic, serial_curves, eino_curves_02, eino_curves_01,
          eino_curves_03, serial_shops, shop, uniq_natasha, uniq_sigmund
D:3:      layout_loops_ring, yredelemnul_altar_generic
D:4:      layout_basic, amcnicky_altar_gilded, serial_shops, shop, uniq_pikel,
          uniq_eustachio
D:5:      layout_gridville, nemelex_dance_club_becter, ebering_ghost_sewer_f

Skill      XL: |  1  2  3  4  5  6 |
---------------+-------------------+-----
Conjurations   | 2 3 |  3.0
Stealth        | 3 |  3.6
Dodging        | 3 |  3.4
Spellcasting   | 3 |  3.3
Fire Magic     | 4 |  4.1

Action                   |  1- 3 |  4- 6 || total
-------------------------+-------+-------++-------
Melee: Unarmed           |    12 |       ||    12
       Punch             |     1 |     2 ||     3
       Staff             |    22 |    52 ||    74
       Kick              |       |     9 ||     9
       Short sword       |       |    87 ||    87
       Headbutt          |       |     8 ||     8
Throw: Dart              |       |     5 ||     5
 Cast: Foxfire           |     9 |     4 ||    13
       Scorch            |    17 |    58 ||    75
       Beastly Appendage |     1 |    10 ||    11
Invok: Recall Undead Har |       |     2 ||     2
  Use: Scroll            |       |    11 ||    11
       Potion            |       |     9 ||     9
 Stab: Distracted        |       |     1 ||     1
Armor: Robe              |     7 |    45 ||    52
       Skin              |       |    10 ||    10
Dodge: Dodged            |    50 |   142 ||   192

Table legend: (Time is in decaauts)
 A = Elapsed time spent in this place.
 B = Non-inter-level travel time spent in this place.
 C = Inter-level travel time spent in this place.
 D = Time resting spent in this place.
 E = Time spent auto-exploring this place.
 F = Levels seen in this place.
 G = Mean time per level.
                   A        B        C        D        E       F      G
               +--------+--------+--------+--------+--------+-----+--------+
         Total |   3934 |   3876 |     58 |    280 |   2578 |   5 |  786.8 |
       Dungeon |   3934 |   3876 |     58 |    280 |   2578 |   5 |  786.8 |
               +--------+--------+--------+--------+--------+-----+--------+

Top non-repeatable levels by time:
     D:1: 1144 daAuts
     D:3: 1059 daAuts
     D:4: 832 daAuts
     D:2: 795 daAuts
     D:5: 102 daAuts
